 Dungeon Crawl Stone Soup version 0.17-a0-2147-gfb20a63 (webtiles) character file.

444 radek the Conjurer (level 6, -3/32 HPs)
             Began as a Deep Elf Conjurer on Oct 24, 2015.
             Slain by Sigmund
             ... wielding a +0 scythe
              (10 damage)
             ... on level 4 of the Dungeon.
             The game lasted 00:15:53 (4786 turns).

radek the Conjurer (Deep Elf Conjurer)              Turns: 4786, Time: 00:15:53

Health: -3/32      AC:  2    Str:  6    XL:     6   Next: 72%
Magic:  6/12       EV:  8    Int: 21    God:
Gold:   181        SH:  0    Dex: 15    Spells: 2 memorised, 5 levels left

rFire  x x .     SeeInvis .     D - +2 quarterstaff (chaos)
rCold  + + .     Clarity  .     a - +0 robe
rNeg   . . .     SustAt   .     (no shield)
rPois  .         Gourm    .     (no helmet)
rElec  .         Spirit   .     (no cloak)
rCorr  .         Warding  .     (no gloves)
rMut   .         Stasis   .     (no boots)
MR     .....                    (no amulet)
Stlth  ++........               y - ring of ice
                                j - ring of ice

@: not resistant to hostile enchantments, unstealthy
A: no striking features
a: no special abilities


You were on level 4 of the Dungeon.
You were not hungry.

You visited 1 branch of the dungeon, and saw 4 of its levels.

You collected 217 gold pieces.
You spent 36 gold pieces at shops.

Inventory:

Hand Weapons
 g - a +3 spear
 q - a cursed -2 dagger
 r - a cursed -2 falchion
 t - a +4 flail
 u - a +1 hand axe of chopping
 D - a +2 quarterstaff of chaos (weapon)
Armour
 a - a +0 robe (worn)
Jewellery
 j - a ring of ice (left hand)
 y - a ring of ice (right hand)
Wands
 w - a wand of cold (9)
Scrolls
 e - 2 scrolls of magic mapping {unknown}
 f - a scroll of fear {unknown}
 h - a scroll of enchant weapon {unknown}
 i - 2 scrolls of teleportation {unknown}
 k - 4 scrolls of identify {unknown}
 m - a scroll of remove curse {unknown}
 o - 3 scrolls of recharging {unknown}
 s - a scroll of enchant armour {unknown}
 v - a scroll of amnesia {unknown}
 z - a scroll of random uselessness {unknown}
Potions
 d - a potion of magic {unknown}
 l - 2 potions of curing
 n - a potion of beneficial mutation {unknown}
 x - 2 potions of brilliance {unknown}
 A - a potion of poison {unknown}
 C - a potion of haste {unknown}
Books
 b - a book of Conjurations

   Spells                             Type                      Level
   a - Magic Dart                     Conjuration                  1
   b - Searing Ray                    Conjuration                  2
   c - Dazzling Spray                 Conjuration/Hexes            3
   d - Fulminant Prism                Conjuration/Hexes            4
   e - Iskenderun's Mystic Blast      Conjuration                  4
   f - Iskenderun's Battlesphere      Conjuration/Charms           5
Comestibles
 c - 4 bread rations
 p - 8 fruits


   Skills:
 - Level 0.1 Polearms
 - Level 2.4 Dodging
 - Level 2.4 Stealth
 - Level 3.0 Spellcasting
 - Level 7.5 Conjurations
 * Level 5.9 Charms
 + Level 0.2 Evocations


You had 5 spell levels left.
You knew the following spells:

 Your Spells              Type           Power        Failure   Level  Hunger
a - Magic Dart            Conj           ####         1%          1    None
b - Iskenderun's Battles  Conj/Chrm      ####....     28%         5    ######.


Dungeon Overview and Level Annotations

Branches:
Dungeon (4/15)
 Temple: D:4-7

Altars:
Kikubaaqudgha
Sif Muna

Shops:
D:4 !

Annotations:
D:4 Sigmund


Message History

Aim: Sigmund, wielding a scythe and wearing a robe The magic dart hits Sigmund.
Sigmund is lightly wounded.
Your battlesphere fires!
The barrage of energy hits Sigmund.
Sigmund is moderately wounded.
Sigmund casts a spell.
Sigmund flickers and vanishes!
Deactivating autopickup; reactivate with Ctrl-A.
You hear some strange, mumbled words.
A puff of flame appears from out of thin air!
The puff of flame hits you! The fire burns you terribly!
There is a stone staircase leading up here.
Casting: Magic Dart
Confirm with . or Enter, or press ? or * to list all spells.
You can't see any susceptible monsters within range! (Use Z to cast anyway.)
Something hits you!
* * * LOW HITPOINT WARNING * * *
Something hits you!
You die...

........+.....'.'...'........'# #
###.##.##.##.#####.##.#####'###
###'##.##.##.#####.##.#####.##
.......#.)....+.........#....####
.......+......####'##...'.[..'...
.##.##.##.##..##.).##..###..##..#
.##'##+##.##'###...##..####'##..#
....'.......(.{[.*..'...'.......)
....#.........##@..##.#####.###.#
.##.##....##..##...##.#####.###+#
'##.##....##..##...'......'..#...
.....'........##...##.....#..'...
.##.##.##.##..####'##[....#..#...
.##.##.##.##..##...##.#####.#####
..#.#.........'....##.#####.#####
..###..##.##'###...............#.
#.# #.###'##..##...##..........'.


There were no monsters in sight!

Vanquished Creatures
  A phantom (D:4)
  Crazy Yiuf (D:4)
  An orc priest (D:4)
  3 orc wizards
  A worker ant (D:4)
  A centaur skeleton (D:4)
  6 adders
  5 worms
  8 giant geckos
  18 orcs
  3 giant cockroaches
  7 hobgoblins
  7 kobolds
  A ball python (D:2)
  5 bats
  A giant newt (D:2)
  6 goblins
  3 jackals (D:4)
  3 rats
81 creatures vanquished.

Notes
Turn   | Place    | Note
--------------------------------------------------------------
     0 | D:1      | radek the Deep Elf Conjurer began the quest for the Orb.
     0 | D:1      | Reached XP level 1. HP: 10/10 MP: 6/6
   268 | D:1      | Reached XP level 2. HP: 15/15 MP: 6/8
   297 | D:1      | Reached skill level 5 in Conjurations
   833 | D:2      | Reached XP level 3. HP: 16/19 MP: 6/9
  1355 | D:2      | Found a deep blue altar of Sif Muna.
  1398 | D:2      | Reached skill level 6 in Conjurations
  1689 | D:3      | Found an ancient bone altar of Kikubaaqudgha.
  1847 | D:3      | Reached XP level 4. HP: 24/24 MP: 8/10
  2122 | D:3      | Reached skill level 7 in Conjurations
  2122 | D:3      | Reached XP level 5. HP: 12/28 MP: 0/11
  2942 | D:3      | Learned a level 5 spell: Iskenderun's Battlesphere
  3006 | D:4      | Found Jymisimiar's Distillery.
  3010 | D:4      | Bought a potion of curing for 36 gold pieces
  3107 | D:4      | Noticed Sigmund
  3412 | D:4      | Noticed a phantom
  3450 | D:4      | Reached XP level 6. HP: 12/32 MP: 1/12
  3784 | D:4      | Killed a phantom
  3871 | D:4      | Reached skill level 5 in Charms
  4415 | D:4      | Noticed Crazy Yiuf
  4465 | D:4      | Killed Crazy Yiuf
  4786 | D:4      | Slain by Sigmund

Vault maps used:
D:1:      dpeg_arrival_concentric_ovals
D:2:      lemuel_doored_altar, minmay_ruptured
D:3:      corexii_shack_village, old_standard_altar, gup_sewer_entry_pipe,
          first_bread
D:4:      serial_shops, shop, uniq_sigmund, uniq_crazy_yiuf_cottage

Action                   |  1- 3 |  4- 6 || total
-------------------------+-------+-------++-------
Melee: Spear             |       |    29 ||    29
 Cast: Magic Dart        |    80 |   124 ||   204
       Iskenderun's Batt |       |     6 ||     6
  Use: Potion            |     2 |       ||     2
  Eat: Chunk             |     3 |     5 ||     8
       Bread ration      |       |     1 ||     1
       Fruit             |       |     2 ||     2
